 Dungeon Crawl Stone Soup version 0.27.1 (webtiles) character file.

Game seed: 6277455303475325137

52 Malachi the Chiller (level 3, -3/24 HPs)
             Began as a Demonspawn Ice Elementalist on Aug 25, 2021.
             Was a Believer of Fedhas.
             Slain by a goblin (5 damage)
             ... led by Robin
             ... on level 2 of the Dungeon.
             The game lasted 00:02:22 (1669 turns).

Malachi the Chiller (Demonspawn Ice Elementalist)   Turns: 1669, Time: 00:02:23

Health: -3/24      AC:  2    Str:  8    XL:     3   Next: 60%
Magic:  7/7        EV: 12    Int: 17    God:    Fedhas [**....]
Gold:   58         SH:  0    Dex: 13    Spells: 6/7 levels left

rFire    . . .     SeeInvis .   e - +0 short sword (flame)
rCold    . . .     Faith    .   (no shield)
rNeg     . . .     Spirit   .   a - +0 robe
rPois    .         Reflect  .   (helmet restricted)
rElec    .         Harm     .   (no cloak)
rCorr    .         Rampage  .   (no gloves)
Will     .....                  (no boots)
Stlth    ++........             (no amulet)
HPRegen  0.08/turn              (no ring)
MPRegen  0.10/turn              (no ring)

@: no status effects
A: horns 1
a: Renounce Religion, Wall of Briars


You were on level 2 of the Dungeon.
You worshipped Fedhas.
Fedhas was pleased with you.
You visited 1 branch of the dungeon, and saw 2 of its levels.

You collected 58 gold pieces.

Inventory:

Hand Weapons
 e - a +0 short sword of flaming (weapon)
Armour
 a - a +0 robe (worn)
Magical Staves
 c - a staff of earth
Jewellery
 d - an amulet of guardian spirit
Scrolls
 b - a scroll of enchant armour {unknown}
 f - a scroll of fear {unknown}
 g - a scroll of amnesia {unknown}


   Skills:
 - Level 2.0 Dodging
 - Level 2.0 Stealth
 + Level 2.8 Spellcasting
 + Level 4.2 Ice Magic


You had 6 spell levels left.
You knew the following spells:

 Your Spells              Type           Power      Damage    Failure   Level
a - Freeze                Ice            64%        1d8       3%          1

Your spell library contained the following spells:

 Spells                   Type           Power      Damage    Failure   Level
 Frozen Ramparts          Ice            32%        1d5       10%         3
 Ozocubu's Armour         Ice            16%        N/A       10%         3
 Slow                     Hex            2%         N/A       26%         2
 Confusing Touch          Hex            2%         N/A       47%         3
 Hailstorm                Conj/Ice       9%         3d4       58%         4
 Yara's Violent Unravell  Hex/Tmut       1%         3d3       99%         5


Dungeon Overview and Level Annotations

Branches:
Dungeon (2/15)

Altars:
Fedhas

Annotations:
D:2 Robin, Sigmund


Innate Abilities, Weirdness & Mutations

You have a pair of small horns on your head.


Message History

The goblin shouts!
You hear a shout!
The goblin closely misses you.
A goblin comes into view. It is wielding a +0 club.
The goblin completely misses you.
Okay, then.
Aiming: Freeze (safe; 3% risk of failure)
Press: ? - help, Q - select action, (/) - cycle Shift-Dir - straight line, f - goblin, p - goblin
Aim: a goblin, wielding a +0 club You freeze the goblin!
You kill the goblin!
Fedhas appreciates your contribution to the ecosystem.
Robin throws the goblin at you! The goblin hits you with a +0 club.
The goblin closely misses you.
You hit the goblin. You burn the goblin. You headbutt the goblin.
You kill the goblin!
Fedhas appreciates your contribution to the ecosystem.
Robin throws the goblin at you! The goblin hits you with a +0 club.
The goblin misses you.
You don't have enough magic to cast this spell.
Unknown command.
You barely miss the goblin. The goblin closely misses you. x2
You miss the goblin. Your headbutt misses the goblin.
The goblin closely misses you. The goblin hits you but does no damage.
The goblin barely misses you.
You hit the goblin but do no damage. Your headbutt misses the goblin.
The goblin hits you with a +0 club. x2
You barely miss the goblin. The goblin hits you with a +0 club.
The goblin barely misses you.
You barely miss the goblin.
Robin roars a battlecry!
The goblins go into a battle-frenzy!
The goblin hits you with a +0 club.
* * * LOW HITPOINT WARNING * * *
The goblin hits you with a +0 club.
* * * LOW HITPOINT WARNING * * *
It was a potion of magic.
Magic courses through your body. The goblin hits you with a +0 club.
You die...
Fedhas appreciates your contribution to the ecosystem.

....#.<.#. ##........
.... #........ ....[
#........ .....
#..g....#.....
#...g.gg#... #g#.#
#g#.# #@#.# #########
#g#.# #........ #.#.#
#.####### #.#.#
#.#......
###.#.######.#......
##...#......#.#......
##.........#.#.#......
#...........##.#...[..
#...........##.#......


You could see Robin, a hobgoblin (strong) and 3 goblins.

Vanquished Creatures
  An adder (D:2)
  A worm (D:2)
  A dart slug (D:1)
  3 bats
  4 endoplasms (D:2)
  2 giant cockroaches (D:2)
  6 hobgoblins
  5 kobolds
  A quokka (D:2)
  3 ball pythons (D:2)
  5 goblins (D:2)
  3 rats
35 creatures vanquished.

Notes
Turn   | Place    | Note
-------+----------+-------------------------------------------
     0 | D:1      | Malachi the Demonspawn Ice Elementalist began the quest for
                  | the Orb.
     0 | D:1      | Reached XP level 1. HP: 13/13 MP: 3/3
   374 | D:1      | Gained mutation: You have a pair of small horns on your
                  | head. [demonic ancestry]
   374 | D:1      | Reached XP level 2. HP: 19/19 MP: 1/5
   472 | D:1      | Found a faded altar of an unknown god.
   487 | D:1      | Became a worshipper of Fedhas Madash
   487 | D:1      | Reached * piety under Fedhas
   850 | D:2      | Reached skill level 4 in Ice Magic
   931 | D:2      | Noticed Sigmund
  1087 | D:2      | Reached XP level 3. HP: 20/24 MP: 6/6
  1395 | D:2      | Reached ** piety under Fedhas
  1656 | D:2      | Noticed Robin
  1669 | D:2      | Slain by a goblin

Illustrated notes

Levels and vault maps discovered:
D:1:      heliophobic_arrival_dark_side_of_the_moon, layout_loops_ring,
          dreamdust_ecumenical_altar_statues
D:2:      layout_rooms, serial_co_window_serial, co_window_paths_a,
          co_window_of_opportunity_a, co_window_paths_a, co_window_corner_a,
          co_window_cross_1, co_window_corner_cb, co_window_2corner,
          co_window_corner_b, glass_columns_a, glass_columns_a, glass_columns_b,
          uniq_robin, uniq_sigmund

Skill      XL: |  1  2 |
---------------+-------+-----
Stealth        | 2 |  2.0
Dodging        | 2 |  2.0
Ice Magic      | 4 |  4.2
Spellcasting   | |  2.8

Action                   || total
-------------------------++-------
Melee: Short sword       ||    33
       Headbutt          ||     4
 Cast: Freeze            ||    44
  Use: Potion            ||     1
 Stab: Sleeping          ||     1
Armor: Robe              ||    10
Dodge: Dodged            ||    42
